AoeStats
← ME_DEPRIME_JUGAR_CON_USTEDES

Oasis

507840320Analyzed
4v4 RM · 11d ago on Sep 19, 2026· 15m 48s· 8 players
Game mode
Random Map
Map size
Large (8 player)
Population
200
Speed
Normal
Resources
Standard
Victory
Conquest
Starting age
Dark Age
Ending age
Imperial Age
RankedLock teamsTeams togetherTeam positionsShared explorationLock speedFull tech treeHidden civsTurbo modeCheats
Victory
Defeat
🇨🇱 Britons · Chile
1930
+6
🇨🇱 Gurjaras · Chile
1869
+7
🇨🇱 Burgundians · Chile
1727
+12
🇨🇱 Wei · Chile
1619
+16
🇦🇷 Japanese · Argentina
1738
-13
🇦🇷 Wu · Argentina
1672
-11
🇦🇷 Ethiopians · Argentina
1624
-9
1580
-8
[SotC] Klovn
6:31 Loom
9:07 Feudal Age
9:58 Double-Bit Axe
12:39 Fletching
13:17 Padded Archer Armor
Lic. VELEZ Y VINO
9:13 Feudal Age
9:43 Double-Bit Axe
11:11 Horse Collar
14:46 Bloodlines
Bill Order
6:08 Loom
9:43 Feudal Age
12:41 Double-Bit Axe
ME_DEPRIME_JUGAR_CON_USTEDES
8:33 Feudal Age
8:58 Double-Bit Axe
11:44 Loom
HR Whitecourt
6:12 Loom
8:49 Feudal Age
11:30 Fletching
HR | Darkjosh89
7:05 Loom
9:16 Feudal Age
9:48 Double-Bit Axe
9:46 Horse Collar
15:57 Scale Barding Armor
HR AboKeiTo
5:04 Loom
8:32 Feudal Age
9:52 Town Watch
13:11 Fletching
HR RYGE
3:20 Double-Bit Axe
7:01 Loom
9:25 Feudal Age
8:25 Horse Collar
12:40 Forging
Connection lost

Rejoining the realm…

Still unreachable

The connection could not be restored.

Session expired

The server has moved on; the page needs a fresh start.